 Dungeon Crawl Stone Soup version 0.29.1-15-g9cfb28693d (webtiles) character file.

Game seed: 11855875766947107727

11 Sobieck the Sneak (level 2, 14/14 HPs)
             Began as a Spriggan Conjurer on May 14, 2023.
             Got out of the dungeon alive.
             The game lasted 00:01:11 (251 turns).

Sobieck the Sneak (Spriggan Conjurer)                Turns: 251, Time: 00:01:11

Health: 14/14      AC:  2    Str:  3    XL:     2   Next: 17%
Magic:  2/6        EV: 17    Int: 19    God:
Gold:   21         SH:  0    Dex: 13    Spells: 5/6 levels left

rFire   . . .      SeeInvis +   f - +0 sling
rCold   . . .      Faith    .   (no shield)
rNeg    . . .      Spirit   .   a - +0 robe
rPois   .          Reflect  .   (helmet restricted)
rElec   .          Harm     .   (no cloak)
rCorr   .          Rampage  .   (gloves unavailable)
Will    .....                   (boots unavailable)
Stlth   ++........              g - amulet of regeneration {@e2}
HPRegen 0.84/turn               (no ring)
MPRegen 0.10/turn               (no ring)

@: very quick
A: very small, no large weapons, unfitting armour, see invisible, speed 3
a: no special abilities


You escaped.
You visited 1 branch of the dungeon, and saw 1 of its levels.

You collected 21 gold pieces.


Innate Abilities, Weirdness & Mutations

You are very small and have problems with some larger weapons.
You are too small for most types of armour.
You have supernaturally acute eyesight. (SInv)
You cover ground extremely quickly. (Speed+++)


   Skills:
 + Level 0.4 Fighting
 + Level 3.0 Dodging
 + Level 3.3 Stealth
 + Level 2.9 Spellcasting
 + Level 3.0 Conjurations


You had 5 spell levels left.
You knew the following spells:

 Your Spells              Type           Power      Damage    Failure   Level
a - Magic Dart            Conj           56%        1d5       4%          1

Your spell library contained the following spells:

 Spells                   Type           Power      Damage    Failure   Level
 Searing Ray              Conj           28%        2d5       7%          2
 Dazzling Flash           Conj/Hex       16%        N/A       24%         3
 Fulminant Prism          Conj/Hex       4%         3d6       63%         4
 Iskenderun's Mystic Bla  Conj/Tloc      8%         2d4       63%         4

Inventory:

Hand Weapons
 f - a +0 sling (weapon)
   (You found it on level 1 of the Dungeon)
Missiles
 e - 2 datura-tipped darts {throwing}
Armour
 a - a +0 robe (worn)
Jewellery
 g - an amulet of regeneration (around neck) {@e2}
   (You found it on level 1 of the Dungeon)
Scrolls
 d - a scroll of teleportation {unknown}
Potions
 b - a potion of magic
 c - a potion of ambrosia {unknown}

Dungeon Overview and Level Annotations

Branches:
Dungeon (1/15) Zot: 5815

Altars:

Annotations:
D:1 2 transporters

...............#
#....#....
...............#
###..#...##
....############
##.# ....#
##########.#
....#
####~≈≈≈≈≈≈~#.#
....#
#~≈~≈≈~~≈≈≈≈~.#
≈≈≈≈≈≈~.~≈≈≈≈.#
≈≈≈≈≈~.©.~.≈~.#
≈≈≈≈≈~⌠@..≈.~.#
≈~≈≈≈~.©.~≈≈..#
~.~~≈~~.~~≈≈≈.#
.©.~≈≈≈~~≈≈≈~.#
.>⌠~≈≈≈≈≈≈≈≈≈...
.©.~≈≈≈≈≈≈≈≈#.###
~.~~≈≈≈≈≈≈≈##.#
~~≈≈≈≈≈≈#### .#


There were no monsters in sight!


Message History

🤖 Initializing magus.rc ...
Options error: Bad monster_list_colour key: strict_neutral (~/.crawlrc:4812) Bad channel name for runrest: 'pray:' ✅ Successfully initialized magus_sobieck.rc [v0.0.4] Welcome, Sobieck the Spriggan Conjurer.
You feel drawn to the Orb of Zot, downwards into the unfathomable depths...
Press ? for a list of commands and other information.
Found an escape hatch in the floor.
Found a staircase leading out of the dungeon.
Unknown command.
You enter the shallow water.
Moving in this stuff is going to be slow.
A hobgoblin comes into view.
Danger!
The magic dart hits the hobgoblin but does no damage.
The magic dart hits the hobgoblin but does no damage.
The magic dart hits the hobgoblin.
Unknown command.
The magic dart hits the hobgoblin.
You kill the hobgoblin!
Your Conjurations skill increases to level 3!
You can't see any susceptible monsters within range! (Use Z to cast anyway.)
c - an orange potion Unknown command.
d - a scroll labelled INEDU ENIZYUSS Unknown command.
Found a stone staircase leading down.
Unknown command.
e - 2 datura-tipped darts {throwing} Unknown command.
f - a +0 sling Unknown command.
You now have 6 gold pieces.
You now have 10 gold pieces (gained 4).
You now have 21 gold pieces (gained 11).
You open the door.
There is an open door here.
g - an amulet of regeneration {@e2} Unknown command.
You start putting on your amulet.
You continue putting on your amulet of regeneration {@e2}. x5
You finish putting on your amulet of regeneration {@e2}.
The amulet throbs as it attunes itself to your uninjured body.
g - an amulet of regeneration (around neck) {@e2} You open the door.
Found a faded altar of an unknown god.
Unknown command.
There is an open door here.
There is an open door here.
There is an open door here.
A gnoll comes into view. It is wielding a +0 spear.
The gnoll shouts!
Danger!
The magic dart hits the gnoll.
The magic dart hits the gnoll.
The magic dart hits the gnoll.
The magic dart hits the gnoll but does no damage.
The magic dart hits the gnoll.
Unknown command.
Unknown command.
Unknown command.
f - a +0 sling (weapon)
Unknown command.
Unknown command.
A gnoll is nearby!
Danger!
You shoot a sling bullet.
The sling bullet hits the gnoll but does no damage.
You shoot a sling bullet.
The sling bullet closely misses the gnoll.
The magic dart hits the gnoll.
You kill the gnoll!
Your Dodging skill increases to level 3!
You have reached level 2!
Search for what [? for help]?
Okay, then.
Unknown command.
Search for what [? for help]?
Okay, then.
Unknown command.
Unknown command.
Level annotation: 2 transporters 🤖 Initializing magus.rc ...
Options error: Bad monster_list_colour key: strict_neutral (~/.crawlrc:4812) Bad channel name for runrest: 'pray:' ✅ Successfully initialized magus_sobieck.rc [v0.0.4] Welcome back, Sobieck the Spriggan Conjurer.
Press ? for a list of commands and other information.
You enter the shallow water.
Moving in this stuff is going to be slow.
There is a staircase leading out of the dungeon here.
Are you sure you want to leave the Dungeon?
This will make you lose the game!
You have escaped!

Skill      XL: |  1 |
---------------+----+-----
Conjurations   | 3 |  3.0
Dodging        | 3 |  3.0
Fighting       | |  0.4
Stealth        | |  3.3
Spellcasting   | |  2.9

Action                   || total
-------------------------++-------
 Fire: Sling             ||     2
 Cast: Magic Dart        ||    10

Levels and vault maps discovered:
D:1:      spicycebolla_arrival_transporter_tutorial, layout_basic, serial_shops,
          shop, dilly_ecumenical_altar_fadedgnrine, wad_floor_pattern_1

Notes
Turn   | Place    | Note
-------+----------+-------------------------------------------
     0 | D:1      | Sobieck the Spriggan Conjurer began the quest for the Orb.
     0 | D:1      | Reached XP level 1. HP: 9/9 MP: 5/5
    34 | D:1      | Reached skill level 3 in Conjurations
   162 | D:1      | Found a faded altar of an unknown god.
   231 | D:1      | Reached skill level 3 in Dodging
   231 | D:1      | Reached XP level 2. HP: 14/14 MP: 1/6
   251 | D:$      | Got out of the dungeon alive.

Vanquished Creatures
  A gnoll (D:1)
  A hobgoblin (D:1)
2 creatures vanquished.

Table legend:
 A = Non-vault XP
 B = Vault XP
 C = Vault XP percentage of total XP
 D = Non-vault monster count
 E = Vault monster count
 F = Vault count percentage of total count
                 A         B        C        D         E       F
            +---------+---------+-------+---------+---------+-------
      Total |      17 |       0 |   0.0 |       2 |       0 |   0.0
            +---------+---------+-------+---------+---------+-------
        D:1 |      17 |       0 |   0.0 |       2 |       0 |   0.0
            +---------+---------+-------+---------+---------+-------

Illustrated notes

Table legend:
 A = Kills in this place as a percentage of kills in entire the game.
 B = Kills by you in this place as a percentage of kills by you in the entire game.
 C = Kills by friends in this place as a percentage of kills by friends in the entire game.
 D = Other kills in this place as a percentage of other kills in the entire game.
 E = Experience gained in this place as a percentage of experience gained in the entire game.
 F = Experience gained in this place divided by the number of levels of this place that you have seen.
                   A       B       C       D       E      F
               +-------+-------+-------+-------+-------+----------------------
         Total | 100.0 | 100.0 |   N/A |   N/A | 100.0 |  17.0
       Dungeon | 100.0 | 100.0 |   N/A |   N/A | 100.0 |  17.0
               +-------+-------+-------+-------+-------+----------------------

Table legend: (Time is in decaauts)
 A = Elapsed time spent in this place.
 B = Non-inter-level travel time spent in this place.
 C = Inter-level travel time spent in this place.
 D = Time resting spent in this place.
 E = Time spent auto-exploring this place.
 F = Levels seen in this place.
 G = Mean time per level.
                   A        B        C        D        E       F      G
               +--------+--------+--------+--------+--------+-----+--------+
         Total |    184 |    172 |     12 |      0 |    138 |   1 |  184.0 |
       Dungeon |    184 |    172 |     12 |      0 |    138 |   1 |  184.0 |
               +--------+--------+--------+--------+--------+-----+--------+

Top non-repeatable levels by time:
     D:1: 184 daAuts
